 Dungeon Crawl Stone Soup version 0.27.1 (webtiles) character file.

Game seed: 5991466913781044882

1 nxtlvl the Ducker (level 1, -4/19 HPs)
             Began as a Deep Elf Monk on Aug 30, 2021.
             Slain by an iguana (8 damage)
             ... on level 6 of the Dungeon.
             The game lasted 00:00:47 (106 turns).

nxtlvl the Ducker (Deep Elf Monk)                    Turns: 106, Time: 00:00:47

Health: -4/19      AC: 20    Str:  8    XL:     1   Next: 16%
Magic:  3/3        EV:  2    Int: 14    God:
Gold:   29         SH:  0    Dex: 17    Spells: 0/0 levels left

rFire    . . .     SeeInvis .   a - +0 short sword
rCold    . . .     Faith    .   (no shield)
rNeg     + + +     Spirit   .   (armour currently unavailable)
rPois    +         Reflect  .   (helmet currently unavailable)
rElec    .         Harm     .   (cloak currently unavailable)
rCorr    .         Rampage  .   (gloves currently unavailable)
Will     .....     NoTele   +   (boots currently unavailable)
Stlth    ++........             (no amulet)
HPRegen  0.06/turn              (no ring)
MPRegen  0.08/turn              (no ring)

@: tree-form
A: stationary, stasis, torment immunity, boosted hp
a: no special abilities


You were on level 6 of the Dungeon.
You were a tree.
You visited 1 branch of the dungeon, and saw 4 of its levels.

You collected 29 gold pieces.

Inventory:

Hand Weapons
 a - a +0 short sword (weapon)
Missiles
 d - 20 stones (quivered)
Armour
 c - a +0 ring mail (melded)
Potions
 b - a potion of lignification


   Skills:
 - Level 2.4 Fighting
 * Level 3.1 Short Blades
 - Level 3.6 Dodging
 - Level 2.4 Stealth


You couldn't memorise any spells.
You didn't know any spells.
Your spell library was empty.

Dungeon Overview and Level Annotations

Branches:
Dungeon (3/15)

Altars:


Message History

Found an escape hatch in the floor.
You fall into a shaft and drop 3 floors!
The shaft crumbles and collapses.
A centaur comes into view.
The centaur shouts!
You aren't carrying any scrolls.
It was a potion of lignification.
You turn into a tree.
Your +0 ring mail melds into your body.
Your roots penetrate the ground.
The centaur wields a +0 shortbow.
The centaur shoots an arrow.
The arrow hits you.
An orc comes into view. It is wielding a +0 dagger.
The orc shouts!
A hound comes into view.
The centaur shoots an arrow.
The arrow hits you.
The centaur shoots an arrow.
The arrow hits you!
* * * LOW HITPOINT WARNING * * *
You cannot move.
You hit the orc.
The orc is moderately wounded.
An iguana comes into view.
An orc comes into view. It is wielding a +0 club.
You hit the orc.
The orc is severely wounded.
The centaur shoots an arrow.
The arrow hits you but does no damage. The orc hits you but does no damage.
You closely miss the orc.
The orc is severely wounded.
The orc barely misses you.
The centaur shoots an arrow.
The arrow hits you.
* * * LOW HITPOINT WARNING * * *
An orc comes into view. It is wielding a +0 hand axe.
The orc shouts!
You closely miss the orc.
The orc is severely wounded.
You hear a bark!
The orc hits you but does no damage.
The centaur shoots an arrow.
The arrow barely misses you.
You barely miss the orc.
The orc is severely wounded.
The iguana bites you!
You die...

##### ....#
.... ... .. #
.#####.
....####.......
.......♣.c...#
.......ol......
....####.......
... o...... .
.###### #h . ..


You could see a centaur, an iguana, a hound and 2 orcs.

Vanquished Creatures
  A ball python (D:2)
1 creature vanquished.

Notes
Turn   | Place    | Note
-------+----------+-------------------------------------------
     0 | D:1      | nxtlvl the Deep Elf Monk began the quest for the Orb.
     0 | D:1      | Reached XP level 1. HP: 13/13 MP: 3/3
    98 | D:3      | You fall into a shaft and drop 3 floors!
    98 | D:6      | Noticed a centaur
   100 | D:6      | Noticed a hound
   102 | D:6      | Noticed an iguana
   106 | D:6      | Slain by an iguana

Illustrated notes

Levels and vault maps discovered:
D:1:      psy_arrival_spokes, layout_basic, hellmonk_ecumenical_altar_blasted,
          minmay_misc_feat_rugged, minmay_pentomino_q2
D:2:      layout_loops_corners, serial_shops, shop, basic_altar, uniq_natasha,
          uniq_sigmund
D:3:      layout_loops_ring, kennysheep_flooded_box, kennysheep_generic_room_4
D:6:      layout_rooms, kennysheep_generic_room_10

Action                   || total
-------------------------++-------
Melee: Short sword       ||     7
  Use: Potion            ||     1
Armor: Skin              ||     3
Dodge: Dodged            ||     4
